 Dungeon Crawl Stone Soup version 0.29.1-4-g47bece8355 (webtiles) character file.

Game seed: 16647907919398238171

303 venomsnake the Trooper (level 6, -2/56 HPs)
             Began as a Minotaur Berserker on Dec 10, 2022.
             Was a Believer of Trog.
             Slain by a phantom (4 damage)
             ... on level 5 of the Dungeon.
             The game lasted 00:16:10 (3976 turns).

venomsnake the Trooper (Minotaur Berserker)         Turns: 3976, Time: 00:16:11

Health: -2/56      AC:  8    Str: 24    XL:     6   Next: 15%
Magic:  5/5        EV:  5    Int:  4    God:    Trog [**....]
Gold:   249        SH:  7    Dex:  9    Spells: 5/5 levels left

rFire   . . .      SeeInvis .   t - +0 war axe
rCold   . . .      Faith    .   h - +0 kite shield
rNeg    . . .      Spirit   .   m - +0 plate armour
rPois   .          Reflect  .   (helmet restricted)
rElec   .          Harm     .   (no cloak)
rCorr   .          Rampage  .   (no gloves)
Will    +....                   y - +0 pair of boots
Stlth   ..........              b - amulet of the acrobat
HPRegen 0.18/turn               e - ring of willpower
MPRegen 0.09/turn               (no ring)

@: corroded
A: horns 2, retaliatory headbutt
a: Renounce Religion, Berserk, Trog's Hand


You were on level 5 of the Dungeon.
You worshipped Trog.
Trog was pleased with you.
You visited 1 branch of the dungeon, and saw 5 of its levels.

You collected 249 gold pieces.

Inventory:

Hand Weapons
 a - a +0 hand axe
 t - a +0 war axe (weapon)
Missiles
 s - 7 stones (quivered)
Armour
 h - a +0 kite shield (worn)
 m - a +0 plate armour (worn)
 y - a +0 pair of boots (worn)
Jewellery
 b - an amulet of the acrobat (around neck)
 e - a ring of willpower (left hand)
Scrolls
 f - a scroll of enchant weapon {unknown}
 i - 2 scrolls of amnesia
 k - 2 scrolls of teleportation {unknown}
 n - 2 scrolls of fear
 o - a scroll of enchant armour {unknown}
 v - a scroll of torment {unknown}
 w - a scroll of poison {unknown}
 x - a scroll of identify
Potions
 c - a potion of degeneration {unknown}
 d - 3 potions of mutation
 g - 3 potions of curing
 j - a potion of attraction {unknown}
 l - 2 potions of might {unknown}
 p - a potion of lignification {unknown}
 q - a potion of haste {unknown}
 r - a potion of magic {unknown}
 u - a potion of resistance {unknown}


   Skills:
 * Level 5.2 Fighting
 + Level 4.7 Axes
 + Level 3.8 Armour
 + Level 3.5 Dodging
 + Level 1.9 Shields
 + Level 1.9 Evocations


You had 5 spell levels left.
You didn't know any spells.
Your spell library was empty.

Dungeon Overview and Level Annotations

Branches:
Dungeon (5/15)
 Temple: D:4-7

Altars:

Shops:
D:3 (


Innate Abilities, Weirdness & Mutations

You have a pair of horns on your head.
You reflexively headbutt those who attack you in melee.


Message History

The ufetubus hits you but does no damage. x2
The adder bites you.
* * * LOW HITPOINT WARNING * * *
You are poisoned.
The adder poisons you!
The phantom hits you but does no damage.
The orc barely misses you. You block the acid dragon's attack.
The acid dragon claws you but does no damage.
The ufetubus hits you.
* * * LOW HITPOINT WARNING * * *
The ufetubus hits you.
* * * LOW HITPOINT WARNING * * *
You miss the adder.
The adder is moderately wounded.
You closely miss the ufetubus. You slash the orc!
You kill the orc!
Trog accepts your kill.
You barely miss the phantom. You hit the acid dragon.
You feel sick. The adder bites you but does no damage.
The ufetubus barely misses you. You block the ufetubus's attack.
The phantom hits you.
* * * LOW HITPOINT WARNING * * *
The phantom blinks!
You blink.
The phantom hits you.
* * * LOW HITPOINT WARNING * * *
The phantom blinks!
You blink.
You barely miss the phantom.
The phantom is severely damaged.
* * * LOW HITPOINT WARNING * * *
You feel sick.
The phantom hits you but does no damage.
You closely miss the phantom. Your headbutt misses the phantom.
The phantom is severely damaged.
You feel sick. You block the phantom's attack.
The phantom hits you but does no damage.
You slash the phantom!
The phantom is almost destroyed.
* * * LOW HITPOINT WARNING * * *
You feel sick.
You are no longer poisoned.
The phantom hits you.
You die...

##########
.......@.#
#.......W5.####
#..............
#..............
#...)..S..!.$..#
####.....(........#
............D.....#
#...............
#.....S§.......


You could see an acid dragon, a phantom, an adder and an ufetubus.

Vanquished Creatures
  An ogre (D:5)
  A necrophage (D:4)
  A hound (D:4)
  7 adders
  A worm (D:3)
  2 orcs
  6 ball pythons
  A bat (D:3)
  4 endoplasms
  2 giant cockroaches
  10 goblins
  7 hobgoblins
  3 jackals (D:3)
  2 quokkas (D:1)
  4 frilled lizards
  2 kobolds
  9 rats
63 creatures vanquished.

Vanquished Creatures (others)
  2 fungi (D:1)
  3 plants (D:1)
5 creatures vanquished.

Grand Total: 68 creatures vanquished

Notes
Turn   | Place    | Note
-------+----------+-------------------------------------------
     0 | D:1      | venomsnake the Minotaur Berserker began the quest for the
                  | Orb.
     0 | D:1      | Reached XP level 1. HP: 19/19 MP: 0/0
   309 | D:1      | Reached XP level 2. HP: 25/27 MP: 1/1
   443 | D:1      | Found a faded altar of an unknown god.
  1094 | D:2      | Reached XP level 3. HP: 33/33 MP: 2/2
  1295 | D:2      | Reached skill level 4 in Fighting
  1295 | D:2      | Reached skill level 1 in Evocations
  1504 | D:3      | Reached ** piety under Trog
  1856 | D:3      | Found Ruvutemm's Antique Weapon Shoppe.
  2333 | D:4      | Reached XP level 4. HP: 40/40 MP: 3/3
  3362 | D:4      | Noticed a necrophage
  3387 | D:4      | Killed a necrophage
  3388 | D:4      | Reached skill level 1 in Shields
  3388 | D:4      | Reached XP level 5. HP: 42/47 MP: 4/4
  3910 | D:5      | Entered Level 5 of the Dungeon
  3926 | D:5      | Noticed an ogre
  3942 | D:5      | Killed an ogre
  3943 | D:5      | Reached skill level 5 in Fighting
  3943 | D:5      | Reached XP level 6. HP: 56/56 MP: 5/5
  3966 | D:5      | Noticed an acid dragon
  3976 | D:5      | HP: 2/56 [poisoned by an adder]
  3976 | D:5      | Slain by a phantom

Illustrated notes

Levels and vault maps discovered:
D:1:      eino_arrival_druids_welcome, layout_basic,
          dreamdust_ecumenical_altar_grove
D:2:      cheibrodos_helix_gallery, layout_rooms
D:3:      layout_basic, serial_shops, shop
D:4:      layout_basic, serial_glass, glass_columns_a, glass_columns_b,
          minmay_goblin_outpost
D:5:      layout_rooms, mainiacjoe_overflow_chevrons,
          minmay_temple_entry_poolview, minmay_ogre_servants

Skill      XL: |  1  2  3  4  5 |
---------------+----------------+-----
Axes           | 4 |  4.7
Fighting       | 4 5 |  5.2
Evocations     | 1 |  1.9
Armour         | 3 |  3.8
Dodging        | 3 |  3.5
Shields        | 1 |  1.9

Action                   |  1- 3 |  4- 6 || total
-------------------------+-------+-------++-------
Melee: Hand axe          |    91 |     2 ||    93
       Headbutt          |    10 |     9 ||    19
       War axe           |       |    73 ||    73
Throw: Stone             |     6 |     7 ||    13
  Use: Scroll            |     4 |       ||     4
Armor: Animal skin       |     6 |       ||     6
       Plate armour      |    21 |    86 ||   107
Dodge: Dodged            |    34 |    34 ||    68
Block: Kite shield       |    16 |    36 ||    52
